 Dungeon Crawl Stone Soup version 0.32-a0-995-gb4a59205af (webtiles) character file.

Game seed: 16975265950892211797

867 AnimeIsTrash the Cleaver (level 7, -1/52 HPs)
             Began as a Vampire Berserker on Apr 22, 2024.
             Was a Priest of Trog.
             Slain by an ogre
             ... wielding a +0 giant club
              (14 damage)
             ... on level 4 of the Dungeon.
             The game lasted 00:07:55 (3915 turns).

AnimeIsTrash the Cleaver (Vampire Berserker)        Turns: 3915, Time: 00:07:56

Health: -1/52      AC:  6    Str: 18    XL:     7   Next: 73%
Magic:  7/7        EV: 11    Int:  9    God:    Trog [***...]
Gold:   236        SH:  0    Dex: 14    Spells: 6/6 levels left

rFire   . . .        p - +0 dagger (venom)
rCold   . . .        (no shield)
rNeg    . . .        l - +0 troll leather armour {Pargi}
rPois   .            (no helmet)
rElec   .            t - +0 cloak
rCorr   .            (no gloves)
SInv    +            m - +1 pair of boots
Will    +....        (no amulet)
Stlth   +            f - ring of willpower
HPRegen 1.28/turn    (no ring)
MPRegen 0.10/turn

%: no passive effects
@: healing quickly, hasted, very quick
A: alive, fangs 3, see invisible, vampiric 2
a: Exsanguinate, Renounce Religion, Berserk, Trog's Hand


You were on level 4 of the Dungeon.
You worshipped Trog.
Trog was most pleased with you.
You visited 1 branch of the dungeon, and saw 4 of its levels.
You also visited: Sewer.

You collected 236 gold pieces.

Inventory:

Hand Weapons
 a - a +1 hand axe
 p - a +0 dagger of venom (weapon)
 q - a +0 flail
Missiles
 v - a curare-tipped dart (quivered)
Armour
 b - a +0 animal skin
 l - a +0 troll leather armour (worn) {Pargi}
 m - a +1 pair of boots (worn)
 r - a +0 scale mail
 t - a +0 cloak (worn)
Jewellery
 f - a ring of willpower (left hand)
 j - a ring of magical power
 n - an amulet of magic regeneration
Scrolls
 e - a scroll of silence
 k - 2 scrolls of enchant weapon
 o - 3 scrolls of teleportation
 w - a scroll of identify
Potions
 c - 2 potions of resistance
 d - a potion of mutation {unknown}
 g - 2 potions of haste
 h - 3 potions of brilliance {unknown}
 i - a potion of cancellation
 s - a potion of might
 u - a potion of magic {unknown}


   Skills:
 + Level 3.5 Fighting
 - Level 8.0 Axes
 + Level 2.3 Armour
 - Level 2.1 Dodging


You had 6 spell levels left.
You didn't know any spells.
Your spell library was empty.

Dungeon Overview and Level Annotations

Branches:
Dungeon (4/15)              Sewer (visited)
 Temple: D:4-7

Altars:
Dithmenos
Wu Jian


Innate Abilities, Weirdness & Mutations

Your natural rate of healing is accelerated.
You have razor-sharp teeth.
You have supernaturally acute eyesight. (SInv)
You are afflicted with vampirism and can become a bat while bloodless.


Message History

There is an open door here.
Items here: ))))) [[ ††.
You feel a strong urge to attack something.
You are no longer berserk.
You are exhausted.
You feel yourself slow down.
You start resting.
HP restored.
You start waiting.
You feel yourself speed up.
You start waiting.
You recover from your berserk rage.
There is an open door here.
Items here: ))))) [[ ††.
You see here a +1 barding of stealth.
There is an open door here.
h - 3 emerald potions (gained 1)
o - 3 scrolls of teleportation (gained 1)
There is an open door here.
There is an open door here.
There is an open door here.
There is an open door here.
An ogre comes into view. It is wielding a +0 giant club.
The ogre shouts!
An ogre is nearby!
An ogre is nearby!
You start waiting.
An ogre is nearby!
You hit the ogre.
The ogre is poisoned.
The ogre is lightly wounded.
The ogre hits you with a +0 giant club!
You hit the ogre.
The ogre looks as sick as possible!
You bite the ogre.
The ogre is moderately wounded.
The ogre hits you with a +0 giant club!!
Ouch! That really hurt!
* * * LOW HITPOINT WARNING * * *
You are too injured to fight recklessly!
Okay, then.
You feel yourself speed up. The ogre attacks as it pursues you!
The ogre hits you with a +0 giant club!
You die...

##.#.#># #.#
.....#.# #.#
##..##.#
#.###
.......#
..)######....
##..####
######
.......$#....
<#..## #....#
#.##.#.
.....######
#.##.#
#.##.#.
..........#
#.##.# ##
#.##.#.
...#.####.#
#.##@# O.
#.##.#.
...#.# #.#
#.##O#.#
#....#.
##.#.# #.#
#.##...#
#######
.....# #.#
#.######
###### #.#
#.# #.# #.#
#.###.#
#.....#
#####.#


You could see an ogre (extremely poisoned).

Vanquished Creatures
  A steam dragon (D:4)
  Pargi (Sewer)
  A black bear (D:4)
  An ogre (D:4)
  A kobold brigand (Sewer)
  A brain worm (Sewer)
  A scorpion (D:4)
  An orc priest (D:4)
  Natasha (thrice) (D:4)
  An orc wizard (D:3)
  Robin (D:4)
  An adder (D:4)
  2 river rats (D:4)
  3 dart slugs
  3 ribbon worms
  4 orcs (D:3)
  9 ball pythons
  8 endoplasms
  6 giant cockroaches
  12 goblins
  15 hobgoblins
  6 jackals
  2 quokkas (D:3)
  6 bats
  4 frilled lizards
  8 kobolds
  7 rats
109 creatures vanquished.

Vanquished Creatures (others)
  A goblin (D:4)
1 creature vanquished.

Grand Total: 110 creatures vanquished

Notes
Turn   | Place    | Note
-------+----------+-------------------------------------------
     0 | D:1      | AnimeIsTrash the Vampire Berserker began the quest for the
                  | Orb.
     0 | D:1      | Reached XP level 1. HP: 17/17 MP: 1/1
   132 | D:1      | Reached skill level 3 in Axes
   136 | D:1      | Reached XP level 2. HP: 23/23 MP: 2/2
   359 | D:1      | Gained mutation: You are afflicted with vampirism and can
                  | become a bat while bloodless. [Vampire growth]
   359 | D:1      | Reached XP level 3. HP: 25/28 MP: 3/3
   713 | D:1      | Reached ** piety under Trog
  1081 | D:2      | Reached skill level 4 in Axes
  1619 | D:3      | Reached XP level 4. HP: 13/34 MP: 4/4
  1897 | D:3      | Found a shadowy altar of Dithmenos.
  1925 | D:3      | Reached *** piety under Trog
  1944 | D:3      | Reached skill level 5 in Axes
  2094 | D:3      | Found a faded altar of an unknown god.
  2401 | D:4      | Noticed Natasha
  2405 | D:4      | Killed Natasha
  2406 | D:4      | Reached XP level 5. HP: 39/39 MP: 5/5
  2461 | D:4      | Noticed Natasha
  2471 | D:4      | Killed Natasha
  2571 | D:4      | Found an ornate altar of the Wu Jian Council.
  2589 | D:4      | Noticed Natasha
  2602 | D:4      | HP: 1/39 [Natasha (7)]
  2609 | D:4      | HP: 1/39 [cerulean imp/+2 spear[Natasha] (1)]
  2612 | D:4      | Killed Natasha
  2613 | D:4      | cerulean imps are nasty
  3029 | D:4      | Found a glowing drain.
  3040 | D:4      | Noticed an ogre
  3050 | D:4      | Killed an ogre
  3051 | D:4      | Reached skill level 6 in Axes
  3051 | D:4      | Reached XP level 6. HP: 46/46 MP: 6/6
  3076 | Sewer    | Entered a sewer
  3203 | Sewer    | Noticed Pargi
  3221 | Sewer    | Killed Pargi
  3222 | Sewer    | Reached skill level 7 in Axes
  3332 | Sewer    | Reached XP level 7. HP: 36/51 MP: 7/7
  3656 | D:4      | Reached skill level 8 in Axes
  3740 | D:4      | Noticed Robin
  3740 | D:4      | Noticed a steam dragon
  3756 | D:4      | Killed Robin
  3763 | D:4      | Killed a steam dragon
  3915 | D:4      | Slain by an ogre

Illustrated notes

#####.... #.# #.........#
.......... #.# #.........#
...........##.#####.........#
##..#####.........#).....####
.........................#
#....#####.....§§..#######
#....##.......##§###
#...........####.#
..#..##.#......#@#
###..##.#.#..#.#.#
#..##†#.##.#.#.#
###..............#
..##.##.#.##.#.#>#
#.##.#.........#.#
#.##.#.#####..##.# #.#
#...........#
#.##.#.#####..####


Turn 2613 on D:4: cerulean imps are nasty

Levels and vault maps discovered:
D:1:      dpeg_arrival_three_same_balls, layout_basic, serial_rivers,
          chequers_serial_rivers_marsh, chequers_serial_rivers_micro_a,
          chequers_serial_rivers_large_a, chequers_serial_rivers_micro_c,
          chequers_serial_rivers_micro_e, chequers_serial_rivers_room_b
D:2:      layout_basic
D:3:      layout_loops_ring, grunt_dithmenos_smoke,
          shapermc_ecumenical_altar_acropolis
D:4:      minmay_chambers_of_twos, layout_basic,
          mainiacjoe_overflow_surrounded_room, portal_sewer_entry_c,
          uniq_natasha, uniq_robin

Skill      XL: |  1  2  3  4  5  6  7 |
---------------+----------------------+-----
Axes           | 3 4 5 6 7 8 |  8.0
Fighting       | 3 |  3.5
Armour         | 2 |  2.3
Dodging        | |  2.1

Action                     |  1- 3 |  4- 6 |  7- 9 || total
---------------------------+-------+-------+-------++-------
  Melee: Hand axe          |   142 |     7 |       ||   149
         Bite              |     7 |    20 |     7 ||    34
         Dagger            |       |   144 |    54 ||   198
 Invoke: Berserk           |     1 |     3 |     2 ||     6
         Trog's Hand       |       |     3 |       ||     3
    Use: Scroll            |     3 |     8 |     1 ||    12
         Potion            |       |     3 |     1 ||     4
   Stab: Sleeping          |     1 |     3 |       ||     4
 Armour: Animal skin       |    93 |    85 |       ||   178
         Troll leather arm |       |    17 |    31 ||    48
  Dodge: Dodged            |    86 |    75 |    25 ||   186

Table legend: (Time is in decaauts)
 A = Elapsed time spent in this place.
 B = Non-inter-level travel time spent in this place.
 C = Inter-level travel time spent in this place.
 D = Time resting spent in this place.
 E = Time spent auto-exploring this place.
 F = Levels seen in this place.
 G = Mean time per level.
                   A        B        C        D        E       F      G
               +--------+--------+--------+--------+--------+-----+--------+
         Total |   3989 |   3779 |    210 |    339 |   2498 |   5 |  797.8 |
       Dungeon |   3656 |   3446 |    210 |    267 |   2367 |   4 |  914.0 |
         Sewer |    333 |    333 |      0 |     71 |    130 |   1 |  333.0 |
               +--------+--------+--------+--------+--------+-----+--------+

Top non-repeatable levels by time:
     D:4: 1277 daAuts
     D:1: 1047 daAuts
     D:3: 780 daAuts
     D:2: 550 daAuts
   Sewer: 333 daAuts
